 Dungeon Crawl Stone Soup version 0.31-a0-1612-g4aaf141 (webtiles) character file.

Game seed: 12916903042759408185

1506 Dorkslayer the Ducker (level 8, -7/54 HPs)
             Began as an Octopode Fighter on Jan 9, 2024.
             Was a Follower of Dithmenos.
             Mangled by a wraith (14 damage)
             ... on level 6 of the Dungeon.
             The game lasted 00:14:14 (4234 turns).

Dorkslayer the Ducker (Octopode Fighter)            Turns: 4234, Time: 00:14:15

Health: -7/54      AC:  1    Str: 16    XL:     8   Next: 82%
Magic:  18/18      EV: 14    Int: 10    God:    Dithmenos [*.....]
Gold:   285        SH:  6    Dex: 13    Spells: 5/8 levels left

rFire   . . .        a - +1 long sword
rCold   . . .        b - +1 buckler
rNeg    . . .        (helmet restricted)
rPois   .            (no amulet)
rElec   .            g - ring of magical power
rCorr   .            (no ring)
SInv    .            (no ring)
Will    .....        (no ring)
Stlth   ++++         (no ring)
HPRegen 0.29/turn    (no ring)
MPRegen 0.16/turn    (no ring)
                     (no ring)

%: no passive effects
@: slowed, wreathed by umbra, very slow
A: almost no armour, amphibious, 8 rings, camouflage 1, gelatinous body 1,
(nimble swimmer 1), tentacles
a: Renounce Religion


You were on level 6 of the Dungeon.
You worshipped Dithmenos.
Dithmenos was aware of your devotion.
You visited 2 branches of the dungeon, and saw 7 of its levels.

You collected 285 gold pieces.

Inventory:

Hand Weapons
 a - a +1 long sword (weapon)
Missiles
 q - 2 curare-tipped darts (quivered)
Armour
 b - a +1 buckler (worn)
Jewellery
 g - a ring of magical power (left tentacle)
Talismans
 i - a granite talisman
 p - a maw talisman
Wands
 c - a wand of charming (23)
 d - a wand of iceblast (3)
 j - a wand of mindburst (12)
 l - a wand of digging (4)
Scrolls
 e - 4 scrolls of teleportation
 h - 2 scrolls of identify
 n - a scroll of fog
Potions
 f - 2 potions of curing
 k - 2 potions of attraction
 m - a potion of mutation
 o - a potion of brilliance


   Skills:
 + Level 4.7 Fighting
 + Level 5.0 Long Blades
 * Level 0.1 Throwing
 + Level 5.4 Dodging
 + Level 4.5 Stealth
 + Level 4.0 Shields
 * Level 0.8 Spellcasting
 * Level 0.8 Air Magic
 * Level 2.2 Invocations
 * Level 3.3 Evocations
 * Level 3.6 Shapeshifting


You had 5 spell levels left.
You knew the following spells:

 Your Spells              Type           Power      Damage    Failure   Level
a - Swiftness             Air            2%         N/A       67%         3

Your spell library contained the following spells:

 Spells                   Type           Power      Damage    Failure   Level
 Cigotuvi's Dreadful Rot  Necr/Alch/Air  0%         N/A       52%         2
 Ensorcelled Hibernation  Hex/Ice        0%         N/A       56%         2
 Passwall                 Erth           0%         N/A       80%         3
 Ignite Poison            Fire/Alch      0%         N/A       99%         4
 Freezing Cloud           Conj/Ice/Air   0%         6-21      100%        5


Dungeon Overview and Level Annotations

Branches:
Dungeon (6/15)             Temple (1/1) D:4

Altars:
Ashenzari
Cheibriados
Dithmenos
Fedhas
Gozag
Hepliaklqana
Kikubaaqudgha
Makhleb
Nemelex Xobeh
Qazlal
Ru
Sif Muna
Vehumet
Wu Jian
Yredelemnul
The Shining One

Shops:
D:3 :   D:4 (:


Innate Abilities, Weirdness & Mutations

You cannot wear most types of armour.
You are amphibious.
You can wear up to eight rings at the same time.
Your skin changes colour to match your surroundings (Stealth+).
Your rubbery body absorbs attacks. (AC +1, EV +1)
((You are camouflaged when in or above water. (Stealth+)))
You have tentacles for arms and can constrict up to eight enemies at once.


Message History

The wraith hits you! The wraith drains your vigour!
You feel yourself slow down.
You hit the wraith but do no damage.
The wraith is lightly damaged.
The wraith hits you. You block the wraith's attack.
The sleepcap releases spores at you!
You are engulfed in a cloud of soporific spores!
You fall asleep.
The sleepcap releases spores at you!
You wake up.
The wraith hits you.
* * * LOW HITPOINT WARNING * * *
Unknown command.
Unknown command.
Unknown command.
The wraith hits you!
* * * LOW HITPOINT WARNING * * *
You feel better. The wraith barely misses you. You block the wraith's attack.
Okay, then.
Okay, then.
Aiming: Mindburst
Press: ? - help, Shift-Dir - straight line, f/p - wraith
Aim: a wraith (lightly damaged, umbra, chance to affect: 44%)
The wraith resists with some effort.
The wraith misses you.
Aiming: Mindburst
Press: ? - help, Shift-Dir - straight line, f/p - wraith
Aim: a wraith (lightly damaged, umbra, chance to affect: 44%)
The wraith resists with some effort.
The wraith closely misses you. The wraith completely misses you.
Aiming: Mindburst
Press: ? - help, Shift-Dir - straight line, f/p - wraith
Aim: a wraith (lightly damaged, umbra, chance to affect: 44%)
The wraith's mind is blasted!!
The wraith hits you!
* * * LOW HITPOINT WARNING * * *
The wraith drains your vigour!
You feel as though you will be slow longer.
Aiming: Mindburst
Press: ? - help, Shift-Dir - straight line, f/p - wraith
Aim: a wraith (heavily damaged, umbra, chance to affect: 44%)
The wraith resists with some effort.
You block the wraith's attack. The wraith hits you!
You die...

####....#.#
#......
####.......#.#
#......
#.........##.#
#......
#.......).#..#
#......
#.......##.##
#......
#.......#..#
#......
##.....##.##
##.....
##...###.#
##....
##.fW@..#
##### ########


You could see a wraith and a sleepcap.

Vanquished Creatures
  The ghost of Caerwyn the Chopper, an amateur GnCA of Ignis (D:4)
  Grinder (D:3)
  Sigmund (D:2)
  A kobold brigand (D:5)
  A bullfrog (D:5)
  3 scorpions
  2 hounds
  2 bombardier beetles (D:4)
  Crazy Yiuf (D:2)
  An orc priest (D:4)
  Terence (D:2)
  A sleepcap (D:5)
  5 iguanas
  Robin (D:4)
  9 adders
  The ghost of dilly the Trooper, a weakling OnDe (D:5)
  A dart slug (D:2)
  7 orcs
  7 ball pythons
  5 endoplasms
  A giant cockroach (D:2)
  9 goblins
  5 hobgoblins
  2 quokkas
  2 bats (D:1)
  A frilled lizard (D:3)
  7 kobolds
  3 rats (D:3)
82 creatures vanquished.

Vanquished Creatures (collateral kills)
  Edmund (D:4)
  An orc (D:4)
2 creatures vanquished.

Vanquished Creatures (others)
  2 kobolds (D:5)
2 creatures vanquished.

Grand Total: 86 creatures vanquished

Notes
Turn   | Place    | Note
-------+----------+-------------------------------------------
     0 | D:1      | Dorkslayer the Octopode Fighter began the quest for the
                  | Orb.
     0 | D:1      | Reached XP level 1. HP: 16/16 MP: 1/1
   372 | D:1      | Found a faded altar of an unknown god.
   496 | D:2      | Noticed Sigmund
   505 | D:2      | Killed Sigmund
   506 | D:2      | Reached skill level 1 in Stealth
   506 | D:2      | Reached XP level 2. HP: 12/22 MP: 2/2
   506 | D:2      | Reached XP level 3. HP: 15/27 MP: 3/3
   506 | D:2      | Reached XP level 4. HP: 18/33 MP: 4/4
   506 | D:2      | Reached XP level 5. HP: 21/37 MP: 5/5
   765 | D:2      | Found a runed translucent door.
   766 | D:2      | Noticed Crazy Yiuf
  1331 | D:2      | Noticed Terence
  1335 | D:2      | Killed Terence
  1529 | D:2      | Killed Crazy Yiuf
  1530 | D:2      | Reached XP level 6. HP: 35/43 MP: 6/6
  1886 | D:3      | Noticed Grinder
  1890 | D:3      | Paralysed by Grinder for 2 turns
  1910 | D:3      | Killed Grinder
  1911 | D:3      | Reached skill level 1 in Evocations
  1911 | D:3      | Reached skill level 1 in Shapeshifting
  2049 | D:3      | Found a faded altar of an unknown god.
  2058 | D:3      | Found a faded altar of an unknown god.
  2060 | D:3      | Found a hazy altar of Hepliaklqana.
  2149 | D:3      | Reached XP level 7. HP: 48/48 MP: 7/7
  2179 | D:3      | Found Appus's Book Boutique.
  2657 | D:4      | Found Kealufoo's Weapon Shop.
  2693 | D:4      | Found a staircase to the Ecumenical Temple.
  2703 | Temple   | Entered the Ecumenical Temple
  2715 | Temple   | Became a worshipper of Dithmenos the Shadowed
  2742 | D:4      | Reached skill level 5 in Dodging
  2772 | D:4      | Found Zoplen's Tiny Tomes.
  2791 | D:4      | Noticed Edmund
  2809 | D:4      | Killed Edmund
  3056 | D:4      | Noticed Robin
  3060 | D:4      | Killed Robin
  3143 | D:4      | Reached skill level 1 in Invocations
  3144 | D:4      | Found a glowing golden altar of the Shining One.
  3204 | D:4      | Found a runed translucent gate.
  3204 | D:4      | Found a runed translucent gate.
  3206 | D:4      | Found a runed translucent gate.
  3208 | D:4      | Noticed Caerwyn's ghost (amateur GnCA)
  3211 | D:4      | Identified the +0 ring mail "Kote" {Harm *Slow rF+++ MP+9}
  3289 | D:4      | Reached * piety under Dithmenos
  3430 | D:4      | Reached XP level 8. HP: 54/54 MP: 8/8
  3485 | D:4      | Killed Caerwyn's ghost
  3538 | D:5      | Entered Level 5 of the Dungeon
  3785 | D:5      | Learned a level 3 spell: Swiftness
  3858 | D:5      | Found a sparkling altar of Nemelex Xobeh.
  4056 | D:5      | Found a runed translucent gate.
  4056 | D:5      | Found a runed translucent gate.
  4057 | D:5      | Found a runed translucent gate.
  4057 | D:5      | Noticed dilly's ghost (weakling OnDe)
  4082 | D:5      | Killed dilly's ghost
  4179 | D:6      | Reached skill level 5 in Long Blades
  4216 | D:6      | Noticed a wraith
  4234 | D:6      | Mangled by a wraith

Illustrated notes

Levels and vault maps discovered:
D:1:      dpeg_arrival_water_temple_mockup, layout_rooms,
          shapermc_ecumenical_altar_starsandcircs
D:2:      layout_loops_corners, nicolae_houndstooth_variations,
          uniq_crazy_yiuf_cottage, uniq_terence, uniq_sigmund
D:3:      layout_loops_corners, nicolae_hepliaklqana_ecumenical_no_more,
          serial_shops, shop, hangedman_decor_peaks_small, uniq_grinder
D:4:      layout_basic, mainiacjoe_overflow_catwalk, minmay_temple_entry_ruins,
          biasface_ghost_orc_armoury, nicolae_shop_i_like_small_books_too,
          nicolae_stop_n_shop_2, minmay_misc_feat_ornament, uniq_edmund,
          uniq_robin
D:5:      layout_basic, nemelex_diamond_rough_becter,
          gammafunk_ghost_nasty_kobolds
D:6:      kennysheep_spiral_hall, layout_rooms, lemuel_tele_altar, uniq_maggie,
          uniq_menkaure
Temple:   cyrus_circular_temple

Skill      XL: |  1  2  3  4  5  6  7  8 |
---------------+-------------------------+-----
Dodging        | 4 5 |  5.4
Stealth        | 1 3 4 |  4.5
Fighting       | 4 |  4.7
Long Blades    | 3 4 5 |  5.0
Evocations     | 1 2 3 |  3.3
Shapeshifting  | 1 2 3 |  3.6
Invocations    | 1 2 |  2.2
Shields        | 4 |  4.0
Throwing       | |  0.1
Spellcasting   | |  0.8
Air Magic      | |  0.8

Action                     |  1- 3 |  4- 6 |  7- 9 || total
---------------------------+-------+-------+-------++-------
  Melee: Long sword        |    14 |    43 |   134 ||   191
         Constrict         |     4 |     9 |    29 ||    42
         Tentacles         |     2 |    14 |    33 ||    49
         Punch             |       |     3 |     1 ||     4
  Evoke: Wand              |       |       |    10 ||    10
    Use: Potion            |     1 |       |     5 ||     6
         Scroll            |       |     7 |    10 ||    17
   Stab: Sleeping          |     1 |     7 |    12 ||    20
         Invisible         |       |       |     1 ||     1
 Armour: Skin              |     8 |    11 |    40 ||    59
  Dodge: Dodged            |     8 |    16 |    79 ||   103
  Block: Buckler           |     4 |     6 |    24 ||    34

Table legend: (Time is in decaauts)
 A = Elapsed time spent in this place.
 B = Non-inter-level travel time spent in this place.
 C = Inter-level travel time spent in this place.
 D = Time resting spent in this place.
 E = Time spent auto-exploring this place.
 F = Levels seen in this place.
 G = Mean time per level.
                   A        B        C        D        E       F      G
               +--------+--------+--------+--------+--------+-----+--------+
         Total |   4265 |   4265 |      0 |    117 |   2277 |   7 |  609.3 |
       Dungeon |   4241 |   4241 |      0 |    117 |   2277 |   6 |  706.8 |
        Temple |     23 |     23 |      0 |      0 |      0 |   1 |   23.0 |
               +--------+--------+--------+--------+--------+-----+--------+

Top non-repeatable levels by time:
     D:2: 1129 daAuts
     D:3: 1054 daAuts
     D:4: 853 daAuts
     D:5: 617 daAuts
     D:1: 493 daAuts
     D:6: 92 daAuts
  Temple: 23 daAuts
